Map: Newkirk Precinct TE (Void)

Players

NORTHAMERICA - Winner!

  • Race: Protoss Protoss
  • League: Grandmaster
  • Spawn Location: 7:00

Saiko

  • Race: Protoss Protoss
  • League: Master
  • Spawn Location: 5:00

VOD

Have the link to the VOD?

Description

Time

  • Played on: Dec. 25, 2016, 2:26 a.m.
  • Length: 14:32
Show
View Real Time Build Order
Export as new Build Order

NORTHAMERICA Protoss - Winner!

Build Orders: Oracle Opening 

Get SALT Encoding   

  12  0:01  Probe (Chrono Boost)  
  13  0:12  Probe (Chrono Boost)  
  14  0:18  Pylon  
  14  0:22  Probe (Chrono Boost)  
  15  0:36  Probe (Chrono Boost)  
  15  0:38  Gateway  
  16  0:47  Probe (Chrono Boost)  
  17  0:51  Assimilator  
  17  0:57  Assimilator, Probe (Chrono Boost)  
  18  1:08  Probe (Chrono Boost)  
  19  1:13  Gateway  
  19  1:19  Probe (Chrono Boost)  
  20  1:27  Cybernetics Core  
  20  1:29  Probe (Chrono Boost)  
  22  1:40  Probe (Chrono Boost)  
  22  1:42  Pylon  
  22  1:50  Probe (Chrono Boost)  
  23  1:55  Warp Gate  
  24  2:01  Probe (Chrono Boost)  
  24  2:05  Adept x2  
  30  2:19  Mothership Core (Chrono Boost)  
  30  2:23  Pylon  
  30  2:41  Adept x2  
  34  2:54  Stargate  
  34  2:58  Probe (Chrono Boost)  
  35  3:23  Pylon  
  35  3:26  Probe (Chrono Boost)  
  36  3:30  Nexus  
  36  3:33  Oracle  
  39  3:43  Probe (Chrono Boost)  
  41  3:55  Probe (Chrono Boost)  
  41  3:56  Pylon  
  41  3:58  Adept x2  
  45  4:07  Probe (Chrono Boost)  
  45  4:09  Oracle  
  49  4:19  Probe (Chrono Boost)  
  49  4:23  Robotics Facility  
  51  4:32  Probe (Chrono Boost)  
  51  4:44  Probe x2 (Chrono Boost)  
  50  4:47  Twilight Council  
  50  4:49  Sentry  
  52  4:54  Probe (Chrono Boost)  
  52  4:55  Probe (Chrono Boost)  
  52  4:56  Sentry  
  56  5:05  Probe x2 (Chrono Boost)  
  55  5:15  Observer, Probe (Chrono Boost)  
  55  5:16  Probe (Chrono Boost)  
  58  5:26  Probe (Chrono Boost)  
  58  5:27  Probe (Chrono Boost)  
  58  5:28  Blink  
  56  5:37  Probe x2 (Chrono Boost)  
  52  5:43  Assimilator  
  52  5:47  Assimilator  
  52  5:48  Probe (Chrono Boost)  
  52  5:49  Gateway, Probe (Chrono Boost), Immortal  
  52  5:51  Gateway  
  56  6:00  Probe (Chrono Boost)  
  56  6:01  Probe (Chrono Boost), Forge  
  58  6:08  Pylon  
  59  6:12  Probe (Chrono Boost)  
  59  6:13  Probe (Chrono Boost)  
  59  6:16  Gateway  
  59  6:17  Stalker  
  62  6:19  Gateway  
  62  6:22  Stalker  
  62  6:24  Probe (Chrono Boost), Immortal  
  64  6:48  Stalker x2  
  68  6:59  Stalker x2, Immortal  
  71  7:07  Probe (Chrono Boost)  
  76  7:13  Stalker  
  76  7:14  Stalker  
  78  7:21  Pylon  
  78  7:22  Pylon  
  78  7:29  Pylon  
  78  7:36  Observer  
  78  7:39  Protoss Ground Weapons Level 1, Nexus  
  78  7:41  Probe (Chrono Boost)  
  78  7:42  Pylon  
  80  7:49  Robotics Bay  
  80  7:50  Probe (Chrono Boost)  
  82  7:52  Probe (Chrono Boost)  
  82  7:53  Stalker  
  82  7:54  Stalker  
  86  8:00  Resonating Glaives  
  86  8:01  Probe (Chrono Boost)  
  86  8:03  Observer  
  88  8:13  Probe (Chrono Boost)  
  88  8:18  Robotics Facility  
  89  8:20  Pylon  
  89  8:25  Probe (Chrono Boost)  
  86  8:27  Probe (Chrono Boost)  
  87  8:36  Probe (Chrono Boost)  
  87  8:37  Disruptor  
  87  8:39  Probe (Chrono Boost)  
  93  8:48  Zealot  
  93  8:49  Assimilator, Probe (Chrono Boost)  
  93  8:51  Probe (Chrono Boost)  
  93  8:55  Assimilator  
  96  8:57  Probe (Chrono Boost)  
  96  8:58  Pylon  
  96  9:01  Probe (Chrono Boost)  
  99  9:03  Probe (Chrono Boost)  
  100  9:10  Probe (Chrono Boost), Disruptor  
  100  9:12  Disruptor  
  100  9:14  Pylon  
  106  9:19  Photon Cannon  
  106  9:20  Photon Cannon  
  106  9:24  Oracle  
  109  9:35  Protoss Ground Weapons Level 2  
  105  9:39  Pylon  
  105  9:44  Stalker x5  
  105  9:45  Stalker, Disruptor  
  113  9:46  Disruptor  
  119  10:04  Nexus  
  119  10:08  Pylon  
  119  10:19  Dark Shrine  
  119  10:20  Photon Cannon  
  119  10:21  Disruptor  
  119  10:23  Photon Cannon x2  
  119  10:26  Disruptor  
  126  10:43  Probe (Chrono Boost)  
  126  10:44  Assimilator, Zealot  
  126  10:48  Assimilator, Probe (Chrono Boost), Stalker x2  
  126  10:49  Stalker x2  
  137  10:56  Disruptor  
  137  11:04  Zealot  
  142  11:06  Disruptor  
  142  11:08  Gateway, Photon Cannon  
  142  11:09  Gateway  
  145  11:16  Oracle  
  145  11:30  Probe (Chrono Boost)  
  143  11:40  Adept x3  
  143  11:43  Photon Cannon  
  143  11:45  Photon Cannon  
  146  11:51  Photon Cannon  
  144  11:57  Disruptor  
  144  11:59  Dark Templar x3  
  147  12:09  Stalker x2  
  147  12:10  Stalker  
  147  12:14  Probe (Chrono Boost)  
  152  12:26  Disruptor  
  155  12:35  Stalker  
  155  12:36  Stalker x4  
  165  12:47  Disruptor  
  162  12:51  Probe (Chrono Boost)  
  163  12:59  Stalker x2  
  163  13:00  Stalker x2  
  169  13:09  Disruptor  
  169  13:31  Stalker x2  
  169  13:32  Stalker x6  
  145  13:48  Disruptor  
  141  14:04  Stalker x2  
  141  14:05  Stalker x5  
Show
View Real Time Build Order
Export as new Build Order

Saiko Protoss 

Build Orders:  

Get SALT Encoding   

  12  0:00  Probe (Chrono Boost)  
  13  0:11  Probe (Chrono Boost)  
  14  0:22  Pylon  
  14  0:23  Probe (Chrono Boost)  
  15  0:40  Gateway  
  15  0:41  Probe (Chrono Boost)  
  16  0:50  Assimilator  
  16  0:51  Probe (Chrono Boost)  
  17  0:59  Assimilator  
  17  1:02  Probe (Chrono Boost)  
  18  1:12  Probe (Chrono Boost)  
  18  1:13  Gateway  
  19  1:23  Probe (Chrono Boost)  
  20  1:27  Cybernetics Core  
  20  1:33  Probe (Chrono Boost)  
  20  1:35  Pylon  
  21  1:44  Probe (Chrono Boost)  
  22  1:54  Probe (Chrono Boost)  
  23  2:02  Warp Gate  
  23  2:05  Mothership Core (Chrono Boost)  
  25  2:08  Stalker x2  
  29  2:19  Pylon  
  29  2:24  Probe (Chrono Boost)  
  30  2:48  Nexus  
  30  3:01  Probe (Chrono Boost), Sentry  
  30  3:02  Sentry  
  35  3:12  Pylon  
  36  3:13  Probe (Chrono Boost)  
  35  3:21  Pylon  
  35  3:22  Pylon  
  35  3:26  Probe (Chrono Boost)  
  36  3:37  Robotics Facility  
  36  3:40  Probe (Chrono Boost), Twilight Council  
  37  3:52  Probe (Chrono Boost)  
  38  3:59  Pylon  
  38  4:04  Probe (Chrono Boost)  
  38  4:06  Stalker x2  
  43  4:13  Probe (Chrono Boost)  
  43  4:16  Probe (Chrono Boost)  
  45  4:18  Blink  
  45  4:26  Probe (Chrono Boost)  
  45  4:30  Observer  
  42  4:44  Probe x2 (Chrono Boost)  
  43  4:50  Observer  
  44  4:56  Probe x2 (Chrono Boost), Pylon  
  48  5:07  Probe (Chrono Boost)  
  48  5:08  Probe (Chrono Boost)  
  45  5:16  Immortal  
  45  5:18  Probe x2 (Chrono Boost)  
  51  5:28  Probe (Chrono Boost)  
  51  5:29  Probe (Chrono Boost), Stalker  
  50  5:39  Probe (Chrono Boost)  
  50  5:40  Probe (Chrono Boost)  
  48  5:49  Probe (Chrono Boost)  
  49  6:00  Stalker  
  49  6:03  Stalker  
  53  6:05  Probe (Chrono Boost)  
  53  6:08  Probe (Chrono Boost)  
  55  6:16  Probe (Chrono Boost)  
  57  6:18  Probe (Chrono Boost)  
  57  6:22  Assimilator  
  57  6:27  Probe (Chrono Boost)  
  57  6:29  Probe (Chrono Boost)  
  59  6:37  Probe (Chrono Boost)  
  59  6:40  Probe (Chrono Boost)  
  57  6:50  Probe (Chrono Boost)  
  57  6:53  Immortal  
  60  6:57  Probe (Chrono Boost)  
  60  7:01  Probe (Chrono Boost)  
  60  7:04  Nexus  
  60  7:08  Probe (Chrono Boost)  
  59  7:12  Probe (Chrono Boost)  
  60  7:22  Probe (Chrono Boost)  
  61  7:25  Assimilator  
  61  7:28  Probe (Chrono Boost), Immortal  
  61  7:29  Gateway x2  
  62  7:32  Robotics Bay  
  62  7:33  Pylon  
  66  7:42  Probe (Chrono Boost)  
  66  7:43  Probe (Chrono Boost)  
  68  7:50  Pylon  
  68  7:51  Stalker x2  
  72  8:01  Gateway x2  
  71  8:15  Stalker x2  
  71  8:17  Probe (Chrono Boost)  
  71  8:18  Probe (Chrono Boost)  
  77  8:21  Disruptor  
  77  8:27  Pylon  
  80  8:31  Probe x2 (Chrono Boost)  
  80  8:32  Probe (Chrono Boost)  
  80  8:34  Stalker x2  
  85  8:37  Forge  
  87  8:42  Sentry  
  87  8:43  Probe (Chrono Boost)  
  87  8:44  Probe (Chrono Boost)  
  91  8:49  Probe (Chrono Boost)  
  91  8:54  Probe (Chrono Boost)  
  91  8:55  Assimilator  
  94  8:56  Probe (Chrono Boost)  
  94  8:59  Assimilator  
  94  9:00  Stalker x2  
  96  9:03  Probe (Chrono Boost)  
  96  9:06  Disruptor  
  93  9:12  Probe (Chrono Boost)  
  93  9:13  Protoss Ground Weapons Level 1  
  97  9:19  Dark Shrine  
  97  9:20  Probe x2 (Chrono Boost)  
  97  9:23  Pylon  
  99  9:30  Probe x2 (Chrono Boost), Stalker x2  
  99  9:31  Stalker, Probe (Chrono Boost)  
  108  9:39  Disruptor  
  106  9:46  Probe x3 (Chrono Boost)  
  106  9:47  Pylon  
  106  9:51  Pylon  
  108  9:58  Probe (Chrono Boost)  
  109  10:03  Stalker x2  
  109  10:05  Probe x2 (Chrono Boost)  
  115  10:10  Warp Prism  
  115  10:17  Robotics Facility  
  115  10:18  Pylon  
  117  10:23  Stargate  
  117  10:25  Photon Cannon  
  117  10:40  Pylon  
  117  10:51  Disruptor  
  117  10:53  Pylon  
  120  11:01  Stalker x5  
  120  11:03  Pylon  
  130  11:12  Nexus  
  130  11:14  Pylon  
  130  11:16  Protoss Ground Weapons Level 2  
  130  11:19  Dark Templar  
  132  11:27  Dark Templar x2  
  132  11:29  Disruptor x2  
  142  11:33  Oracle  
  142  11:39  Photon Cannon  
  143  11:41  Photon Cannon  
  141  11:49  Stalker x3  
  141  11:53  Photon Cannon  
  146  12:02  Dark Templar  
  146  12:08  Disruptor  
  146  12:09  Disruptor  
  152  12:16  Dark Templar  
  151  12:45  Photon Cannon  
  151  12:51  Disruptor x2  
  154  12:54  Stalker x4  
  154  12:55  Stalker x2  
  166  13:02  Photon Cannon  
  166  13:04  Probe x2 (Chrono Boost)  
  166  13:05  Probe (Chrono Boost)  
  167  13:06  Photon Cannon  
  168  13:20  Probe (Chrono Boost)  
  168  13:22  Photon Cannon  
  168  13:23  Oracle  
  171  13:32  Disruptor x2  
  142  13:37  Stalker x3  
  129  13:51  Stalker x3  
  109  14:14  Dark Templar  
Tags
 
Add a new tag
Caveats
  • Supply blocks, unpowered buildings, or Contaminate may cause inaccurate times.
  • Supply counts are checked every 10 seconds.